 Dungeon Crawl Stone Soup version 0.20.1-1-g8b1a95d (webtiles) character file.

311 vishdafish the Skirmisher (level 6, -4/48 HPs)
             Began as a Demonspawn Fighter on July 3, 2017.
             Killed from afar by an orc wizard (5 damage)
             ... with a magic dart
             ... on level 4 of the Dungeon.
             The game lasted 00:04:24 (2957 turns).

vishdafish the Skirmisher (Demonspawn Fighter)      Turns: 2957, Time: 00:04:25

Health: -4/48      AC:  6    Str: 18    XL:     6   Next: 18%
Magic:  6/6        EV:  7    Int: 10    God:
Gold:   157        SH:  0    Dex: 12    Spells: 5/5 levels left

rFire    . . .     SeeInvis .   a - +0 war axe
rCold    . . .     Gourm    .   c - +0 shield
rNeg     . . .     Faith    .   b - +0 scale mail
rPois    .         Spirit   .   (no helmet)
rElec    .         Reflect  .   (no cloak)
rCorr    +         Harm     .   (no gloves)
MR       .....                  (no boots)
Stlth    ..........             (no amulet)
Regen    0.2/turn               j - ring of resist corrosion
MPRegen  0.1/turn               s - ring of stealth

@: confused
A: hooves 1, foul stench 1, spiny 1, rot immunity
a: no special abilities


You were on level 4 of the Dungeon.
You were not hungry.

You visited 1 branch of the dungeon, and saw 4 of its levels.

You collected 157 gold pieces.

Inventory:

Hand Weapons
 a - a +0 war axe (weapon)
Armour
 b - a +0 scale mail (worn)
 c - a +0 shield (worn)
Jewellery
 j - a ring of resist corrosion (left hand)
 s - a ring of stealth (right hand)
Scrolls
 g - a scroll of teleportation {unknown}
 k - 2 scrolls of remove curse {unknown}
 m - a scroll of amnesia {unknown}
 o - a scroll of recharging {unknown}
 p - a scroll of enchant weapon {unknown}
 q - a scroll of magic mapping {unknown}
Potions
 d - a potion of might
 e - 2 potions of curing
 h - a potion of ambrosia {unknown}
 i - a potion of heal wounds {unknown}
 l - a potion of mutation {unknown}
 r - 2 potions of agility {unknown}
 u - a potion of degeneration {unknown}
 v - a potion of lignification {unknown}
 w - a potion of haste {unknown}
 x - 2 potions of brilliance {unknown}
Comestibles
 f - 5 bread rations
 n - a royal jelly
 t - a fruit


   Skills:
 + Level 4.0 Fighting
 * Level 4.0 Axes
 + Level 3.5 Armour
 - Level 0.1 Dodging
 - Level 0.2 Stealth
 + Level 3.8 Shields


You had 5 spell levels left.
You didn't know any spells.

Dungeon Overview and Level Annotations

Branches:
Dungeon (3/15)

Altars:


Innate Abilities, Weirdness & Mutations

You have large cloven feet.
You may emit foul miasma when damaged in melee.
You are partially covered in sharp spines.
You are immune to rotting.


Message History

You hear some strange, mumbled words.
You are confused.
Something hits you but does no damage.
You bump into the rock wall.
You hear some strange, mumbled words.
Something tries to affect you, but you resist.
You bump into the rock wall.
You hear some strange, mumbled words.
A puff of flame appears from out of thin air!
The puff of flame hits you!
* * * LOW HITPOINT WARNING * * *
You miss something.
You hear some strange, mumbled words.
A puff of flame appears from out of thin air!
The puff of flame hits you!
* * * LOW HITPOINT WARNING * * *
You hear some strange, mumbled words.
A magic dart appears from out of thin air!
The magic dart hits you!
You die...

.......##########
................#
......†..#)...#.####
.........#....#.##.. #######
.........#....#..#.# .......
.........#....##.#.##......#
.#########....##.#%#.......#
. #....##.#)#.......#
+....+.@..)># #....###[##.#
###### #..#.# ##.#.# ...#
#..# ..# ....


There were no monsters in sight!

Vanquished Creatures
  A scorpion (D:4)
  A hound (D:4)
  3 orc wizards
  A hound skeleton (D:4)
  7 adders
  2 worms (D:2)
  A dart slug (D:3)
  4 leopard geckos
  6 orcs
  A ball python (D:2)
  6 goblins
  7 hobgoblins
  3 jackals (D:2)
  A quokka (D:2)
  6 bats
  6 frilled lizards
  9 kobolds
  5 rats
70 creatures vanquished.

Notes
Turn   | Place    | Note
-------+----------+-------------------------------------------
     0 | D:1      | vishdafish the Demonspawn Fighter began the quest for the Orb.
     0 | D:1      | Reached XP level 1. HP: 18/18 MP: 1/1
   127 | D:1      | Gained mutation: You are immune to rotting. [demonic ancestry]
   127 | D:1      | Reached XP level 2. HP: 24/24 MP: 2/2
   781 | D:2      | Gained mutation: You have large cloven feet. [demonic ancestry]
   781 | D:2      | Reached XP level 3. HP: 28/29 MP: 3/3
  1576 | D:1      | Gained mutation: You may emit foul miasma when damaged in melee. [demonic ancestry]
  1576 | D:1      | Reached XP level 4. HP: 25/35 MP: 4/4
  2614 | D:3      | Gained mutation: You are partially covered in sharp spines. [demonic ancestry]
  2614 | D:3      | Reached XP level 5. HP: 15/41 MP: 5/5
  2871 | D:3      | You fall through a shaft!
  2936 | D:4      | Reached XP level 6. HP: 30/48 MP: 6/6
  2957 | D:4      | HP: 1/48 [something/puff of flame (7)]
  2957 | D:4      | Killed from afar by an orc wizard

Skill      XL: |  1  2  3  4  5  6 |
---------------+-------------------+-----
Axes           | 2 3 4 |  4.0
Shields        | 3 |  3.8
Armour         | 3 |  3.5
Fighting       | 4 |  4.0
Dodging        | |  0.1
Stealth        | |  0.2

Action                   |  1- 3 |  4- 6 || total
-------------------------+-------+-------++-------
Melee: War axe           |   130 |   121 ||   251
       Kick              |    17 |    28 ||    45
  Use: Potion            |       |     1 ||     1
  Eat: Chunk             |     2 |     5 ||     7
Armor: Scale mail        |    78 |    42 ||   120
Dodge: Dodged            |    48 |    46 ||    94
Block: Shield            |    83 |    63 ||   146
